AoeStats
← ijn_king

Black Forest

509635351Analyzed
4v4 RM · 4d ago on Sep 27, 2026· 49m 14s· 8 players
Game mode
Random Map
Map size
Large (8 player)
Population
200
Speed
Normal
Resources
Standard
Victory
Conquest
Starting age
Dark Age
Ending age
Imperial Age
RankedLock teamsTeams togetherTeam positionsShared explorationLock speedFull tech treeHidden civsTurbo modeCheats
Victory
Defeat
🇩🇪 Franks · Germany
840
+15
🇩🇪 Turks · Germany
806
+17
🇫🇷 Burgundians · France
795
+31
🇸🇪 Japanese · Sweden
785
+18
🇬🇧 Goths · United Kingdom
881
-20
🇨🇴 Tupi · Colombia
860
-18
🇮🇩 Danes · Indonesia
812
-16
🇲🇾 Bohemians · Malaysia
736
-13
Hamurabi1
0:36 Loom
11:49 Feudal Age
20:26 Castle Age
19:07 Fletching
19:12 Double-Bit Axe
19:16 Horse Collar
19:36 Gold Mining
32:42 Imperial Age
31:04 Bow Saw
31:08 Heavy Plow
31:48 Gold Shaft Mining
32:01 Wheelbarrow
31:47 Town Watch
32:06 Padded Archer Armor
33:20 Leather Archer Armor
35:04 Stone Mining
36:26 Two-Man Saw
36:05 Ring Archer Armor
40:51 Ballistics
40:54 Fortified Wall
40:57 Masonry
41:10 Bombard Tower
43:43 Hand Cart
46:58 Town Patrol
47:01 Bodkin Arrow
Sagittarius521
2:50 Loom
11:46 Feudal Age
15:54 Castle Age
14:11 Double-Bit Axe
15:18 Stone Mining
15:24 Gold Mining
19:44 Scale Barding Armor
19:50 Forging
23:26 Bow Saw
26:19 Iron Casting
29:55 Scale Mail Armor
30:16 Husbandry
31:44 Caravan
35:17 Chain Barding Armor
37:15 Chain Mail Armor
40:47 Imperial Age
38:54 Wheelbarrow
38:05 Town Watch
39:00 Gold Shaft Mining
38:19 Fletching
38:30 Padded Archer Armor
39:33 Coinage
41:40 Chivalry
42:02 Conscription
44:00 Banking
42:55 Cavalier
44:13 Plate Barding Armor
44:39 Blast Furnace
44:11 Plate Mail Armor
44:40 Sanctity
45:32 Elite Throwing Axeman
45:34 Ordonnance Companies
46:49 Hoardings
47:12 Hand Cart
46:58 Town Patrol
49:23 Bodkin Arrow
49:44 Leather Archer Armor
48:56 Paladin
ElGoujonVeloco
3:15 Loom
11:46 Feudal Age
11:09 Double-Bit Axe
11:17 Horse Collar
13:59 Gold Mining
18:37 Castle Age
16:40 Stone Mining
18:19 Stone Shaft Mining
18:16 Heavy Plow
20:47 Bow Saw
22:19 Cavalier
22:59 Husbandry
24:21 Two-Man Saw
24:05 Forging
31:22 Imperial Age
29:42 Scale Barding Armor
30:59 Iron Casting
34:29 Chain Barding Armor
34:20 Elite Coustillier
41:07 Blast Furnace
40:43 Plate Barding Armor
Grichnakk
1:09 Loom
11:25 Feudal Age
30:46 Castle Age
30:03 Double-Bit Axe
33:00 Fortified Wall
33:05 Guard Tower
33:58 Stone Mining
36:17 Yasama
42:01 Imperial Age
39:31 Horse Collar
40:54 Bow Saw
40:48 Heavy Plow
40:42 Gold Mining
41:21 Caravan
41:43 Fletching
44:39 Keep
46:03 Gold Shaft Mining
45:13 Pikeman
45:55 Squires
46:11 Forging
46:01 Scale Mail Armor
46:25 Conscription
45:52 Halberdier
49:22 Two-Man Saw
Paolosip3532
5:47 Loom
15:40 Feudal Age
16:14 Double-Bit Axe
16:54 Gold Mining
16:57 Stone Mining
19:24 Wheelbarrow
18:36 Horse Collar
23:31 Castle Age
21:32 Fletching
22:39 Padded Archer Armor
24:18 Heavy Plow
24:27 Bodkin Arrow
27:57 Caravan
29:16 Bow Saw
Done
0:32 Loom
12:37 Feudal Age
13:27 Man-at-Arms
15:21 Wheelbarrow
15:26 Town Watch
16:21 Forging
17:33 Scale Mail Armor
20:16 Fletching
23:26 Horse Collar
27:05 Double-Bit Axe
31:37 Castle Age
29:33 Stone Mining
32:00 Long Swordsman
32:02 Pikeman
33:21 Iron Casting
33:16 Bow Saw
33:27 Heavy Plow
Lagi Gabut
0:33 Loom
11:00 Feudal Age
16:22 Horse Collar
16:29 Double-Bit Axe
21:12 Castle Age
20:47 Gold Mining
20:48 Stone Mining
25:08 Bow Saw
25:02 Heavy Plow
25:42 Gold Shaft Mining
25:46 Stone Shaft Mining
26:53 Gold Shaft Mining
33:05 Imperial Age
33:06 Hamask
35:11 Conscription
34:13 Northmen's Fury
36:43 Wheelbarrow
40:02 Hand Cart
41:07 Onager
42:13 Elite Jomsviking
42:59 Scale Mail Armor
43:10 Forging
43:38 Siege Onager
ijn_king
Connection lost

Rejoining the realm…

Still unreachable

The connection could not be restored.

Session expired

The server has moved on; the page needs a fresh start.